 Dungeon Crawl Stone Soup version 0.27.1-3-gb3d3a73c9e (webtiles) character file.

Game seed: 8963410833363222679

35237 DearestLeader the Nimble (level 13, -21/151 HPs)
             Began as a Gnoll Wanderer on Oct 5, 2021.
             Was a Plaything of Xom.
             Demolished by a minotaur (27 damage)
             ... in a Gauntlet on Oct 6, 2021.
             The game lasted 00:49:34 (18331 turns).

DearestLeader the Nimble (Gnoll Wanderer)          Turns: 18331, Time: 00:49:35

Health: -21/151    AC: 13    Str: 17      XL:     13   Next: 82%
Magic:  0/25       EV: 17    Int: 15      God:    Xom [..*...]
Gold:   1035       SH:  7    Dex: 18 (20) Spells: 22/29 levels left

rFire    + + .     SeeInvis .   N - +4 long sword (freeze)
rCold    + + .     Faith    .   s - +0 buckler
rNeg     . . .     Spirit   +   x - +1 ring mail {rC+}
rPois    +         Reflect  .   u - +1 hat {Will+}
rElec    +         Harm     .   K - +2 cloak
rCorr    .         Rampage  .   y - +0 pair of gloves
Will     ++...     NoTele   +   (no boots)
Stlth    ..........             z - amulet of guardian spirit
HPRegen  1.35/turn              E - +6 ring of dexterity
MPRegen  0.19/turn              F - ring of willpower

@: mighty, berserking, hasted, very quick
A: fangs 1, strong nose, distributed training, agile 1, clever 1, cold
resistance 1, deterioration 1, fire resistance 2, poison resistance,
regeneration 1, electricity resistance, strong 1, noise suppression
a: Renounce Religion


You were in a Gauntlet.
You worshipped Xom.
You were a toy of Xom.
You visited 2 branches of the dungeon, and saw 14 of its levels.
You also visited: Ossuary and Gauntlet.

You collected 1093 gold pieces.
You spent 58 gold pieces at shops.

Inventory:

Hand Weapons
 b - a +0 hand crossbow of flaming
 M - a +1 short sword of holy wrath
 N - a +4 long sword of freezing (weapon)
 O - a +2 broad axe of distortion
 T - a +4 vorpal hunting sling
Missiles
 j - a throwing net (quivered)
 G - 84 bolts
 U - 57 sling bullets
Armour
 s - a +0 buckler (worn)
 u - a +1 hat of willpower (worn)
 x - a +1 ring mail of cold resistance (worn)
 y - a +0 pair of gloves (worn)
 D - a +0 helmet of intelligence
 K - a +2 cloak (worn)
Magical Staves
 A - a staff of conjuration
Jewellery
 c - an amulet of magic regeneration
 h - a ring of magical power
 o - a +6 ring of dexterity
 p - a ring of wizardry
 r - the ring of Roqahuos {rC+ rN+++ Str+4 Slay-4 Stlth+}
   (You found it in a Gauntlet)

   [ring of protection from cold]

   Str:       It affects your strength (+4).
   Slay:      It affects your accuracy & damage with ranged weapons and melee
   (-4).
   rC:        It protects you from cold.
   rN:        It renders you almost immune to negative energy.
   Stlth:     It makes you more stealthy.
 z - an amulet of guardian spirit (around neck)
 E - a +6 ring of dexterity (left hand)
 F - a ring of willpower (right hand)
 R - an amulet of the acrobat
 Z - an amulet of regeneration
Wands
 k - a wand of acid (10)
 w - a wand of paralysis (10)
 J - a wand of iceblast (14)
 X - a wand of flame (20)
Scrolls
 n - 5 scrolls of amnesia
 v - a scroll of summoning
 B - a scroll of brand weapon
 C - 3 scrolls of enchant armour
 H - a scroll of holy word
 I - 3 scrolls of fear
 P - 5 scrolls of enchant weapon
 S - 4 scrolls of blinking
 V - a scroll of fog
Potions
 a - 2 potions of berserk rage
 d - 10 potions of curing
 e - 2 potions of haste
 f - 3 potions of flight
 g - 3 potions of invisibility
 i - 4 potions of cancellation
 l - 3 potions of might
 m - 5 potions of mutation
 t - 2 potions of brilliance
 L - 2 potions of resistance
 W - 7 potions of ambrosia
Miscellaneous
 Y - a box of beasts


   Skills:
 + Level 9.1 Fighting
 + Level 9.1 Short Blades
 + Level 8.6 Long Blades
 + Level 8.6 Axes
 + Level 8.6 Maces & Flails
 + Level 8.6 Polearms
 + Level 8.6 Staves
 + Level 8.6 Slings
 + Level 8.6 Bows
 + Level 9.8 Crossbows
 + Level 8.6 Throwing
 + Level 9.1 Armour
 + Level 10.7 Dodging
 + Level 9.6 Stealth
 + Level 8.6 Shields
 + Level 8.6 Unarmed Combat
 + Level 8.6 Spellcasting
 + Level 7.2 Conjurations
 + Level 7.2 Hexes
 + Level 7.2 Summonings
 + Level 7.2 Necromancy
 + Level 7.2 Translocations
 + Level 7.2 Transmutations
 + Level 7.2 Fire Magic
 + Level 7.2 Ice Magic
 + Level 7.2 Air Magic
 + Level 7.2 Earth Magic
 + Level 7.2 Poison Magic
 + Level 9.4 Invocations
 + Level 8.6 Evocations


You had 22 spell levels left.
You knew the following spells:

 Your Spells              Type           Power      Damage    Failure   Level
a - Frozen Ramparts       Ice            56%        1d7       2%          3
b - Summon Ice Beast      Ice/Summ       28%        N/A       10%         4

Your spell library contained the following spells:

 Spells                   Type           Power      Damage    Failure   Level
 Beastly Appendage        Tmut           56%        N/A       1%          1
 Freeze                   Ice            100%       1d11      1%          1
 Passwall                 Tmut/Erth      23%        N/A       1%          2
 Wereblood                Tmut           28%        N/A       1%          2
 Spider Form              Tmut/Pois      14%        N/A       2%          3
 Hailstorm                Conj/Ice       28%        3d8       10%         4
 Petrify                  Tmut/Erth      28%        N/A       10%         4
 Alistair's Intoxication  Tmut/Pois      18%        N/A       26%         5
 Summon Mana Viper        Hex/Summ       28%        N/A       26%         5
 Monstrous Menagerie      Summ           14%        N/A       100%        7


Dungeon Overview and Level Annotations

Branches:
Dungeon (10/15)            Temple (0/1) D:4            Lair (4/6) D:10
 Shoals (0/4) Lair:2        Snake (0/4) Lair:4      Ossuary (visited)
Gauntlet (1/1)
    Orc: D:9-12

Altars:
Cheibriados
Dithmenos
Fedhas
Gozag
Makhleb
Okawaru
Vehumet
Xom

Shops:
D:3 (   D:4 **

Annotations:
D:5 2 transporters, H0rd4k's ghost, novice HuAr
Lair:4 exclusion: oklob plant Gauntlet 12 transporters


Innate Abilities, Weirdness & Mutations

You have very sharp teeth.
Your uncanny sense of smell can sniff out nearby items.
Your experience applies equally to all skills.
You are agile. (Dex +2)
Your mind is acute. (Int +2)
Your flesh is cold resistant. (rC+)
Your body sometimes deteriorates upon taking damage.
Your flesh is very heat resistant. (rF++)
Your system is resistant to poisons. (rPois)
Your natural rate of healing is unusually fast.
You are resistant to electric shocks. (rElec)
Your muscles are strong. (Str +2)
You passively dampen the noise of your surroundings.


Message History

You feel much better.
The minotaur hits you with the +5 mace "Ziehyhae" {flame, Fly rC- Will+++ Dex-5}!!
The minotaur burns you. The minotaur gores you.
You feel yourself speed up. The minotaur barely misses you.
The minotaur gores you.
A red film seems to cover your vision as you go berserk!
You feel yourself moving faster!
You feel mighty!
The minotaur hits you with the +5 mace "Ziehyhae" {flame, Fly rC- Will+++ Dex-5}!!
* * * LOW HITPOINT WARNING * * *
Your body deteriorates!
You feel clumsy. The minotaur burns you.
* * * LOW HITPOINT WARNING * * *
The minotaur gores you but does no damage.
You hit the minotaur. You freeze the minotaur.
The minotaur is heavily wounded.
You slash the minotaur! You freeze the minotaur.
The minotaur is heavily wounded.
You block the minotaur's attack.
The minotaur gores you but does no damage.
You hit the minotaur. You freeze the minotaur.
The minotaur is severely wounded.
The minotaur hits you with the +5 mace "Ziehyhae" {flame, Fly rC- Will+++ Dex-5}!!
* * * LOW HITPOINT WARNING * * *
The minotaur burns you.
* * * LOW HITPOINT WARNING * * *
The minotaur barely misses you.
You hit the minotaur. You freeze the minotaur.
The minotaur is severely wounded.
You hit the minotaur but do no damage.
The minotaur is severely wounded.
The minotaur misses you.
You riposte.
You hit the minotaur. You freeze the minotaur.
The minotaur is severely wounded.
The minotaur gores you!
* * * LOW HITPOINT WARNING * * *
You hit the minotaur but do no damage.
The minotaur is severely wounded.
The minotaur hits you with the +5 mace "Ziehyhae" {flame, Fly rC- Will+++ Dex-5}!!
You die...
Xom snickers!

.# ###.. # #∩##. .#
#.##.##. #.# ... # #H#
#.# .# #.##.#@###.##.#
...............#
.##.##.##.##.###
#.##.##.### ..........#
#.##.##.##.##.##
###.##.##.##.##.###
#≈...............≈# ###
####8..©.©.©.©.©.©..8####
###


You could see a minotaur.

Vanquished Creatures
  The ghost of Wuvuatt the Impaler, a journeyman MiBe of Trog (Lair:2)
  Harold (D:8)
  3 hydras
  A centaur warrior (D:9)
  3 two-headed ogres
  A hell hog (Gauntlet)
  A fire crab (Gauntlet)
  Pikel (D:3)
  An ugly thing (D:9)
  2 cyclopes
  A worldbinder (Gauntlet)
  Joseph (D:10)
  6 black mambas
  Maurice (D:8)
  2 molten gargoyles (Lair:1)
  A gargoyle (D:10)
  6 cane toads
  9 komodo dragons
  A queen bee (Lair:2)
  3 trolls
  2 hornets
  4 blink frogs (Lair:2)
  A hornet (shapeshifter) (D:8)
  A snapping turtle (Lair:2)
  A dream sheep (Lair:2)
  2 wyverns
  2 wraiths
  The ghost of ShadowedStranger the Skirmisher, an amateur HOFi (D:4)
  15 yaks
  A basilisk (D:6)
  4 fire bats (Gauntlet)
  A human (D:7)
  A steam dragon (D:9)
  A naga (Lair:4)
  An acid dragon (D:9)
  14 water moccasins
  A nameless horror (Lair:3)
  3 hell hounds (Gauntlet)
  3 orc warriors (D:8)
  A sky beast (D:7)
  2 ice beasts
  6 black bears
  2 necrophages (D:6)
  2 ogres (D:6)
  12 wolves
  A boggart (Gauntlet)
  3 centaurs
  2 kobold brigands (D:9)
  11 bullfrogs
  A wyvern zombie (D:6)
  A wyvern skeleton (D:7)
  30 killer bees
  9 wights
  4 electric eels (Lair:1)
  4 howler monkeys
  A crimson imp (D:4)
  6 centaur zombies
  A bullfrog zombie (D:5)
  3 lava snakes (Lair:1)
  A human zombie (Ossuary)
  3 hounds
  3 jellies
  4 bullfrog skeletons
  2 orc priests
  A gnoll shaman (D:6)
  3 iguanas
  7 orc wizards
  2 hound skeletons
  4 mummies
  A howler monkey zombie (D:9)
  6 gnolls
  4 adders
  A white imp (D:5)
  An ufetubus (D:5)
  2 worms
  3 dart slugs
  26 orcs
  7 bats
  8 endoplasms
  5 giant cockroaches
  2 gnoll zombies (Ossuary)
  7 goblins
  9 hobgoblins
  3 quokkas
  6 ball pythons
  3 frilled lizards
  3 goblin zombies (Ossuary)
  3 hobgoblin zombies (Ossuary)
  16 kobolds
  3 kobold zombies (Ossuary)
  5 rats
361 creatures vanquished.

Vanquished Creatures (collateral kills)
  Gastronok (D:9)
  A hydra (Lair:3)
  A two-headed ogre (D:9)
  2 black mambas
  A cane toad (Lair:2)
  A komodo dragon (D:10)
  A polar bear (Lair:4)
  A blink frog (Lair:2)
  A basilisk (Lair:2)
  7 yaks (Lair:2)
  A wyvern (D:9)
  3 nagas (Lair:4)
  A black bear (D:10)
  A kobold brigand (D:9)
  A bullfrog (Lair:4)
  2 killer bees (Lair:2)
  A killer bee zombie (D:9)
  5 kobolds (D:9)
32 creatures vanquished.

Vanquished Creatures (others)
  19 fungi
  29 plants
  A withered plant (D:4)
49 creatures vanquished.

Grand Total: 442 creatures vanquished

Notes
Turn   | Place    | Note
-------+----------+-------------------------------------------
     0 | D:1      | DearestLeader the Gnoll Wanderer began the quest for the
                  | Orb.
     0 | D:1      | DearestLeader set off with the following items: a +2 short
                  | sword, a +0 hand crossbow, 26 bolts, a potion of curing, a
                  | +0 robe, a +0 dagger
     0 | D:1      | Reached XP level 1. HP: 17/17 MP: 1/1
    61 | D:1      | Reached XP level 2. HP: 23/23 MP: 2/2
   518 | D:1      | Reached XP level 3. HP: 28/28 MP: 3/3
   970 | D:2      | Reached skill level 1 in Invocations
  1288 | D:2      | Found a faded altar of an unknown god.
  1338 | D:2      | Reached skill level 1 in Long Blades
  1338 | D:2      | Reached skill level 1 in Axes
  1338 | D:2      | Reached skill level 1 in Maces & Flails
  1338 | D:2      | Reached skill level 1 in Polearms
  1338 | D:2      | Reached skill level 1 in Staves
  1338 | D:2      | Reached skill level 1 in Slings
  1338 | D:2      | Reached skill level 1 in Bows
  1338 | D:2      | Reached skill level 1 in Throwing
  1338 | D:2      | Reached skill level 1 in Shields
  1338 | D:2      | Reached skill level 1 in Unarmed Combat
  1338 | D:2      | Reached skill level 1 in Spellcasting
  1338 | D:2      | Reached skill level 1 in Evocations
  1483 | D:2      | Reached XP level 4. HP: 26/34 MP: 5/5
  2096 | D:3      | Found a shimmering altar of Xom.
  2120 | D:3      | Reached skill level 1 in Conjurations
  2120 | D:3      | Reached skill level 1 in Hexes
  2120 | D:3      | Reached skill level 1 in Summonings
  2120 | D:3      | Reached skill level 1 in Necromancy
  2120 | D:3      | Reached skill level 1 in Translocations
  2120 | D:3      | Reached skill level 1 in Transmutations
  2120 | D:3      | Reached skill level 1 in Fire Magic
  2120 | D:3      | Reached skill level 1 in Ice Magic
  2120 | D:3      | Reached skill level 1 in Air Magic
  2120 | D:3      | Reached skill level 1 in Earth Magic
  2120 | D:3      | Reached skill level 1 in Poison Magic
  2141 | D:3      | Became a worshipper of Xom of Chaos
  2155 | D:3      | Reached XP level 5. HP: 36/40 MP: 6/6
  2361 | D:3      | XOM: silly message
  2496 | D:3      | XOM: silly message
  2508 | D:3      | XOM: divination: magic mapping
  2786 | D:2      | XOM: silly message
  2877 | D:3      | Reached XP level 6. HP: 35/47 MP: 8/8
  3176 | D:3      | Found Jiogh's Weapon Emporium.
  3177 | D:3      | Upgraded the game from 0.27.1-2-g3b301248ec to
                  | 0.27.1-3-gb3d3a73c9e
  3228 | D:4      | XOM: noise
  3268 | D:4      | XOM: silly message
  3270 | D:4      | Reached skill level 5 in Crossbows
  3270 | D:4      | XOM: potion effect (haste)
  3284 | D:4      | XOM: god gift: 48 gold pieces
  3362 | D:3      | XOM: cloud trail
  3455 | D:4      | Noticed Pikel
  3603 | D:3      | XOM: give mutation
  3603 | D:3      | Gained mutation: You are partially covered in iridescent
                  | scales. (AC +2) [Xom's mischief]
  3609 | D:3      | XOM: enchant monster (good)
  3615 | D:3      | Killed Pikel
  3616 | D:3      | Reached skill level 7 in Dodging
  3616 | D:3      | Reached skill level 5 in Stealth
  3616 | D:3      | Reached XP level 7. HP: 35/53 MP: 11/11
  3616 | D:3      | Reached XP level 8. HP: 40/60 MP: 12/12
  3782 | D:4      | XOM: torment (31/60 hp)
  3887 | D:4      | Found a staircase to the Ecumenical Temple.
  3887 | D:4      | XOM: 6-stop teleportation journey
  3969 | D:4      | Found an opulent altar of Gozag.
  4016 | D:4      | XOM is BORED!
  4016 | D:4      | XOM: noise
  4336 | D:4      | Found a burning altar of Makhleb.
  4337 | D:4      | Found a radiant altar of Vehumet.
  4802 | D:4      | Found Xaywnya's General Store.
  4804 | D:4      | Found Gujaridd's Specific Store.
  4812 | D:4      | Bought a +0 buckler for 58 gold pieces
  5066 | D:4      | Found a runed translucent door.
  5066 | D:4      | Noticed ShadowedStranger's ghost (amateur HOFi)
  5108 | D:4      | Found a snail-covered altar of Cheibriados.
  5151 | D:4      | XOM: confuse monster(s)
  5171 | D:4      | Killed ShadowedStranger's ghost
  5242 | D:4      | XOM: god gift: wand of acid (10)
  5371 | D:5      | Entered Level 5 of the Dungeon
  5406 | D:5      | Found a transporter.
  5408 | D:5      | Found a transporter.
  5408 | D:5      | Noticed H0rd4k's ghost (novice HuAr)
  5459 | D:5      | XOM: potion effect (curing)
  5473 | D:5      | XOM: silly message
  5477 | D:5      | XOM: fake destruction
  5554 | D:5      | XOM: give mutations
  5554 | D:5      | Gained mutation: Your flesh is heat resistant. (rF+) [Xom's
                  | grace]
  5554 | D:5      | Gained mutation: You are agile. (Dex +2) [Xom's grace]
  5554 | D:5      | Gained mutation: Your muscles are strong. (Str +2) [Xom's
                  | grace]
  5965 | D:5      | Reached XP level 9. HP: 66/66 MP: 14/14
  6234 | D:6      | XOM: divination: magic mapping
  6256 | D:6      | Found a sand-covered staircase.
  6301 | D:6      | XOM: 4-stop teleportation journey
  6371 | Ossuary  | Entered an ossuary
  6776 | Ossuary  | XOM: god gift: scroll of brand weapon
  7059 | Ossuary  | XOM: give mutations
  7059 | Ossuary  | Gained mutation: Your system is resistant to poisons.
                  | (rPois) [Xom's grace]
  7059 | Ossuary  | Gained mutation: Your spells are a little harder to cast,
                  | but a little more powerful. [Xom's grace]
  7265 | D:6      | Reached skill level 5 in Fighting
  7265 | D:6      | Reached skill level 5 in Short Blades
  7265 | D:6      | Reached skill level 5 in Armour
  7372 | D:6      | XOM: potion effect (haste)
  7534 | D:6      | XOM: silly message
  7630 | D:6      | XOM: potion effect (berserk rage)
  7772 | D:6      | XOM: silly message
  7926 | D:6      | Reached skill level 8 in Dodging
  7926 | D:6      | Noticed a troll
  7946 | D:6      | Noticed a cyclops
  7964 | D:6      | Killed a cyclops
  7965 | D:6      | Reached skill level 5 in Invocations
  7979 | D:6      | XOM: potion effect (invisibility)
  7994 | D:6      | XOM: silly message
  7998 | D:6      | XOM: confusion (+ monsters)
  8184 | D:6      | Killed a troll
  8185 | D:6      | Reached XP level 10. HP: 41/74 MP: 9/17
  8532 | D:7      | You fall into a shaft and drop 2 floors!
  8532 | D:9      | XOM: noise
  8532 | D:9      | Noticed Maggie
  8532 | D:9      | Noticed a two-headed ogre
  8586 | D:9      | Noticed a two-headed ogre
  8631 | D:8      | XOM: blink monster(s)
  8659 | D:8      | XOM: enchant monster (good)
  8662 | D:8      | XOM: blink monster(s)
  8699 | D:8      | XOM: summons 1 hostile shadow creature
  8718 | D:7      | XOM: polymorph yak -> human
  8724 | D:7      | XOM: silly message
  8725 | D:7      | XOM: blink monster(s)
  8735 | D:7      | XOM: confuse monster(s)
  8783 | D:6      | Reached skill level 5 in Long Blades
  8783 | D:6      | Reached skill level 5 in Axes
  8783 | D:6      | Reached skill level 5 in Maces & Flails
  8783 | D:6      | Reached skill level 5 in Polearms
  8783 | D:6      | Reached skill level 5 in Staves
  8783 | D:6      | Reached skill level 5 in Slings
  8783 | D:6      | Reached skill level 5 in Bows
  8783 | D:6      | Reached skill level 5 in Throwing
  8783 | D:6      | Reached skill level 5 in Shields
  8783 | D:6      | Reached skill level 5 in Unarmed Combat
  8783 | D:6      | Reached skill level 5 in Spellcasting
  8783 | D:6      | Reached skill level 5 in Evocations
  9091 | D:7      | XOM: enchant monster (bad)
  9099 | D:7      | XOM: smoke on damage
  9107 | D:7      | XOM: swap monsters
  9118 | D:7      | XOM: scenery: create altars
  9237 | D:7      | XOM: summons 6 hostile demons
  9338 | D:7      | XOM: smoke on damage
  9547 | D:7      | XOM: confusion
  9890 | D:7      | XOM: give mutations
  9890 | D:7      | Gained mutation: You passively dampen the noise of your
                  | surroundings. [Xom's grace]
  9890 | D:7      | Gained mutation: You are resistant to electric shocks.
                  | (rElec) [Xom's grace]
  9890 | D:7      | Gained mutation: Your mind is acute. (Int +2) [Xom's grace]
  9954 | D:8      | Noticed Harold
 10250 | D:8      | XOM: summons 2 friendly demons
 10258 | D:8      | XOM: enchant monster (good)
 10513 | D:8      | Found an iron altar of Okawaru.
 10550 | D:8      | XOM: confusion (+ monsters)
 10680 | D:8      | XOM: silly message
 10689 | D:8      | XOM: give mutation
 10689 | D:8      | Lost mutation: Your spells are a little harder to cast, but
                  | a little more powerful. [Xom's mischief]
 10710 | D:8      | XOM: blink monster(s)
 10724 | D:8      | XOM: fake destruction
 10740 | D:8      | XOM: confusion (+ monsters)
 10783 | D:8      | XOM: polymorph yak -> shapeshifter
 10787 | D:8      | XOM: enchant monster (bad)
 10793 | D:8      | XOM: give mutations
 10793 | D:8      | Gained mutation: You evolve. [Xom's grace]
 10793 | D:8      | Gained mutation: Your natural rate of healing is unusually
                  | fast. [Xom's grace]
 10911 | D:8      | XOM: noise
 10943 | D:8      | Killed Harold
 10980 | D:8      | XOM: cleaving
 10988 | D:8      | Reached XP level 11. HP: 83/83 MP: 11/19
 11066 | D:8      | XOM: scenery: 2 doors open
 11066 | D:8      | Noticed Maurice
 11082 | D:8      | XOM: scenery: 2 doors close
 11104 | D:8      | Killed Maurice
 11162 | D:8      | XOM: summons 2 friendly demons
 11432 | D:8      | XOM: divination: detect items
 11509 | D:9      | Noticed a two-headed ogre
 11509 | D:9      | Noticed Maggie
 11509 | D:9      | Maggie changed into Maggie the centaur
 11509 | D:9      | XOM: polymorph Maggie -> Maggie the centaur
 11511 | D:8      | XOM: potion effect (curing)
 11520 | D:8      | XOM: fog
 11555 | D:8      | XOM: god gift: scroll of fog
 11559 | D:8      | XOM: confuse monster(s)
 11559 | D:8      | Killed a two-headed ogre
 11560 | D:8      | Reached skill level 9 in Dodging
 11568 | D:8      | Killed a two-headed ogre
 11568 | D:8      | XOM: enchant monster (good)
 11569 | D:8      | Reached skill level 5 in Conjurations
 11569 | D:8      | Reached skill level 5 in Hexes
 11569 | D:8      | Reached skill level 5 in Summonings
 11569 | D:8      | Reached skill level 5 in Necromancy
 11569 | D:8      | Reached skill level 5 in Translocations
 11569 | D:8      | Reached skill level 5 in Transmutations
 11569 | D:8      | Reached skill level 5 in Fire Magic
 11569 | D:8      | Reached skill level 5 in Ice Magic
 11569 | D:8      | Reached skill level 5 in Air Magic
 11569 | D:8      | Reached skill level 5 in Earth Magic
 11569 | D:8      | Reached skill level 5 in Poison Magic
 11572 | D:8      | XOM: polymorph howler monkey -> dart slug
 11662 | D:9      | XOM: scenery: create altars
 11684 | D:9      | Killed a two-headed ogre
 11762 | D:9      | Noticed Gastronok
 11771 | D:9      | Killed Gastronok
 11814 | D:9      | Found a shadowy altar of Dithmenos.
 11866 | D:9      | Found a blossoming altar of Fedhas.
 12004 | D:9      | Learned a level 3 spell: Frozen Ramparts
 12041 | D:9      | XOM: fog
 12076 | D:9      | XOM: fog
 12126 | D:9      | Noticed a cyclops
 12134 | D:9      | XOM: divination: magic mapping
 12136 | D:9      | Noticed a white ugly thing
 12145 | D:9      | XOM: 1-stop teleportation journey
 12191 | D:9      | Killed Maggie the centaur
 12223 | D:9      | Gained mutation: Your flesh is cold resistant. (rC+)
                  | [evolution]
 12244 | D:9      | XOM: 1-stop teleportation journey
 12303 | D:9      | XOM: god gift: 3 scrolls labelled GUOCWE ZIUT {god gift}
 12410 | D:9      | Killed a cyclops
 12523 | D:9      | Noticed a centaur warrior
 12538 | D:9      | XOM: cast spell 'Call Canine Familiar'
 12539 | D:9      | Killed a centaur warrior
 12549 | D:9      | Killed a white ugly thing
 12566 | D:9      | Identified the +0 plate armour of Tetaposch {rElec rCorr
                  | Str-4}
 12745 | D:10     | XOM: stealth player
 12745 | D:10     | Entered Level 10 of the Dungeon
 12881 | D:10     | Reached XP level 12. HP: 79/91 MP: 18/22
 12940 | D:10     | XOM: fog
 12946 | D:10     | XOM: smoke on damage
 12947 | D:10     | XOM: cast spell 'Summon Mana Viper'
 12975 | D:10     | XOM: fog
 12986 | D:10     | Found a staircase to the Lair.
 13052 | D:10     | Noticed Joseph
 13059 | D:10     | XOM: confusion
 13073 | D:10     | Killed Joseph
 13243 | D:10     | XOM: give mutations
 13243 | D:10     | Gained mutation: Your body sometimes deteriorates upon
                  | taking damage. [Xom's mischief]
 13243 | D:10     | Lost mutation: You are partially covered in iridescent
                  | scales. (AC +2) [Xom's mischief]
 13290 | D:10     | XOM: torment (56/91 hp)
 13354 | D:10     | Noticed a two-headed ogre
 13360 | D:10     | Killed a two-headed ogre
 13368 | D:10     | XOM: fake destruction
 13496 | Lair:1   | Entered Level 1 of the Lair of Beasts
 14048 | Lair:1   | Reached skill level 10 in Dodging
 14110 | Lair:1   | Noticed an eight-headed hydra
 14206 | Lair:1   | XOM: 1-stop teleportation journey
 14210 | Lair:1   | XOM: silly message
 14380 | Lair:1   | Learned a level 4 spell: Summon Ice Beast
 14506 | Lair:1   | XOM: stat loss: -1 Dex (25/26)
 14533 | Lair:1   | Killed an eight-headed hydra
 14674 | Lair:1   | XOM is BORED!
 14674 | Lair:1   | XOM: torment (56/92 hp)
 14736 | Lair:1   | XOM: summons 6 hostile demons
 14960 | Lair:2   | XOM: summons friendly crimson imp
 14987 | Lair:2   | XOM: god gift: 40 gold pieces
 15002 | Lair:2   | XOM: confuse monster(s)
 15073 | Lair:2   | Gained mutation: Your flesh is very heat resistant. (rF++)
                  | [evolution]
 15073 | Lair:2   | Lost mutation: You evolve. [end of evolution]
 15113 | Lair:2   | XOM: fog
 15119 | Lair:2   | Reached XP level 13. HP: 97/98 MP: 16/24
 15119 | Lair:2   | XOM: polymorph blink frog -> hornet
 15135 | Lair:2   | XOM: cleaving
 15199 | Lair:2   | XOM: god gift: scarf of shadows
 15282 | Lair:2   | XOM: 3-stop teleportation journey
 15285 | Lair:2   | XOM: cast spell 'Summon Dragon'
 15427 | Lair:2   | Found a transporter.
 15431 | Lair:2   | Noticed Wuvuatt's ghost (journeyman MiBe)
 15436 | Lair:2   | Found a transporter.
 15438 | Lair:2   | XOM: scenery: create altars
 15446 | Lair:2   | XOM: cleaving
 15448 | Lair:2   | XOM: 6-stop teleportation journey
 15461 | Lair:2   | XOM: divination: magic mapping
 15668 | Lair:2   | XOM: silly message
 15732 | Lair:2   | XOM: potion effect (invisibility)
 15735 | Lair:2   | Killed Wuvuatt's ghost
 15912 | Lair:2   | Found a staircase to the Shoals.
 15971 | Lair:2   | XOM: silly message
 16016 | Lair:2   | XOM: potion effect (berserk rage)
 16017 | Lair:2   | XOM: potion effect (brilliance)
 16019 | Lair:2   | XOM: silly message
 16023 | Lair:2   | XOM: divination: detect creatures
 17445 | Lair:4   | Found a staircase to the Snake Pit.
 17449 | Lair:4   | XOM: noise
 17465 | Lair:4   | XOM: confuse monster(s)
 17474 | Lair:4   | Got the Volume of Transmigration
 17581 | Lair:4   | XOM: silly message
 17613 | Lair:4   | Found a gate leading to a gauntlet.
 17622 | Gauntlet | Entered a Gauntlet
 17622 | Gauntlet | Found a transporter.
 17635 | Gauntlet | Found a transporter.
 17647 | Gauntlet | Found a transporter.
 17650 | Gauntlet | Noticed an entropy weaver
 17652 | Gauntlet | Found a transporter.
 17667 | Gauntlet | Found a transporter.
 17686 | Gauntlet | Found a transporter.
 17698 | Gauntlet | Found a transporter.
 17703 | Gauntlet | XOM: noise
 17717 | Gauntlet | Found a transporter.
 17723 | Gauntlet | Found a transporter.
 17723 | Gauntlet | Found a transporter.
 17738 | Gauntlet | Found a transporter.
 17742 | Gauntlet | Noticed an entropy weaver
 17744 | Gauntlet | Found a transporter.
 17759 | Gauntlet | Found a transporter.
 17762 | Gauntlet | Noticed a reaper
 17765 | Gauntlet | Found a transporter.
 17804 | Gauntlet | Found a transporter.
 17821 | Gauntlet | XOM: silly message
 17832 | Gauntlet | Found a transporter.
 17832 | Gauntlet | Found a transporter.
 17852 | Gauntlet | Found a transporter.
 18048 | Gauntlet | Noticed an ironbound preserver
 18049 | Gauntlet | Noticed an ironbound preserver
 18049 | Gauntlet | Noticed an ironbound preserver
 18049 | Gauntlet | XOM: potion effect (curing)
 18064 | Gauntlet | XOM: divination: magic mapping
 18066 | Gauntlet | Noticed an ironbound preserver
 18069 | Gauntlet | Noticed an ironbound preserver
 18069 | Gauntlet | XOM: cast spell 'Call Canine Familiar'
 18070 | Gauntlet | XOM: noise
 18103 | Gauntlet | XOM: silly message
 18209 | Gauntlet | XOM: god gift: 28 sling bullets
 18232 | Gauntlet | XOM: smoke on damage
 18233 | Gauntlet | XOM: potion effect (might)
 18241 | Gauntlet | XOM: noise
 18242 | Gauntlet | XOM: potion effect (haste)
 18258 | Gauntlet | Identified the ring of Roqahuos {rC+ rN+++ Str+4 Slay-4
                  | Stlth+}
 18314 | Gauntlet | Identified the +5 mace "Ziehyhae" {flame, Fly rC- Will+++
                  | Dex-5}
 18314 | Gauntlet | Noticed a minotaur
 18330 | Gauntlet | HP: 5/151 [minotaur (10)]
 18331 | Gauntlet | Demolished by a minotaur

Illustrated notes

Levels and vault maps discovered:
D:1:      dpeg_arrival_rooms_a, layout_rooms
D:2:      layout_loops_ring, shapermc_ecumenical_altar_hornbeckon,
          kennysheep_generic_room_9
D:3:      layout_rooms, mainiacjoe_overflow_boulevard, serial_shops,
          nicolae_shop_stone
D:4:      layout_loops_corners, nicolae_gozag_seed_capital, chei_slow_surprise,
          grunt_temple_overflow_lords_of_destruction,
          minmay_temple_entry_arrows, gammafunk_ghost_grave,
          nicolae_specific_store, uniq_pikel
D:5:      layout_rooms, gammafunk_ghost_arena, chequers_serial_rivers_micro_b,
          kennysheep_cluttered_room, minmay_starry_boxes
D:6:      minmay_chambers_of_sixes, layout_loops_ring,
          nicolae_ossuary_entry_false_entrances, minmay_misc_feat_tower
D:7:      layout_cave_pools, patterned_corridor
D:8:      layout_gridville, nicolae_overflow_crystal_walls, uniq_harold,
          uniq_maurice
D:9:      layout_long_grid, mainiacjoe_overflow_tiny_flanked,
          old_standard_altar, chequers_serial_rivers_micro_e,
          minmay_pinched_square, uniq_maggie, uniq_gastronok
D:10:     layout_gridville, due_lair_maze_entry_diamond,
          minmay_fractal_squares_gapless_5, uniq_joseph
Lair:1:   cheibrodos_lair_river_kwai, layout_chaotic_city, serial_bayou,
          serial_bayou_lagoon_a, serial_bayou_ford_a, serial_bayou_lagoon_b,
          serial_bayou_pond_b
Lair:2:   layout_cave_shapes, minmay_shoals_entry_hut, special_room
          [special_room_bee], gammafunk_ghost_arena, minmay_shattered_shrine
Lair:3:   layout_regular_city, serial_bayou_shore_b, grunt_megastairs_4
Lair:4:   layout_concentric_octagons, minmay_snake_entry_guardpost_small,
          gauntlet_entry_generic, minmay_lair_oklob_bushes,
          gammafunk_lair_bear_cave
Gauntlet: gammafunk_gauntlet_one_two_three [gammafunk_gauntlet_arena_teeth,
          nicolae_gauntlet_arena_blocks, gammafunk_gauntlet_arena_chambers,
          nicolae_gauntlet_arena_flowing_pool, nicolae_gauntlet_arena_t_cross,
          gammafunk_gauntlet_arena_grid, gammafunk_gauntlet_arena_split_diamond,
          gammafunk_gauntlet_arena_arrow_garden, nicolae_gauntlet_arena_x,
          gauntlet_exit_green]

Skill      XL: |  1  2  3  4  5  6  7  8  9 10 11 12 13 |
---------------+----------------------------------------+-----
Invocations    | 1 2 3 4 5 6 7 8 9 |  9.4
Long Blades    | 1 2 3 4 5 6 7 8 |  8.6
Axes           | 1 2 3 4 5 6 7 8 |  8.6
Maces & Flails | 1 2 3 4 5 6 7 8 |  8.6
Polearms       | 1 2 3 4 5 6 7 8 |  8.6
Staves         | 1 2 3 4 5 6 7 8 |  8.6
Slings         | 1 2 3 4 5 6 7 8 |  8.6
Bows           | 1 2 3 4 5 6 7 8 |  8.6
Throwing       | 1 2 3 4 5 6 7 8 |  8.6
Shields        | 1 2 3 4 5 6 7 8 |  8.6
Unarmed Combat | 1 2 3 4 5 6 7 8 |  8.6
Spellcasting   | 1 2 3 4 5 6 7 8 |  8.6
Evocations     | 1 2 3 4 5 6 7 8 |  8.6
Conjurations   | 1 2 3 4 5 6 7 |  7.2
Hexes          | 1 2 3 4 5 6 7 |  7.2
Summonings     | 1 2 3 4 5 6 7 |  7.2
Necromancy     | 1 2 3 4 5 6 7 |  7.2
Translocations | 1 2 3 4 5 6 7 |  7.2
Transmutations | 1 2 3 4 5 6 7 |  7.2
Fire Magic     | 1 2 3 4 5 6 7 |  7.2
Ice Magic      | 1 2 3 4 5 6 7 |  7.2
Air Magic      | 1 2 3 4 5 6 7 |  7.2
Earth Magic    | 1 2 3 4 5 6 7 |  7.2
Poison Magic   | 1 2 3 4 5 6 7 |  7.2
Fighting       | 3 4 5 6 7 8 9 |  9.1
Short Blades   | 3 4 5 6 7 8 9 |  9.1
Armour         | 3 4 5 6 7 8 9 |  9.1
Crossbows      | 5 6 7 8 9 |  9.8
Dodging        | 7 8 9 10 | 10.7
Stealth        | 5 6 7 8 9 |  9.6

Action                   |  1- 3 |  4- 6 |  7- 9 | 10-12 | 13-15 || total
-------------------------+-------+-------+-------+-------+-------++-------
Melee: Short sword       |    30 |    42 |       |    98 |    14 ||   184
       Bite              |     2 |    10 |    93 |   214 |    36 ||   355
       Dagger            |       |    36 |       |   237 |       ||   273
       Hand crossbow     |       |     2 |       |     2 |       ||     4
       Punch             |       |     1 |     2 |       |       ||     3
       Whip              |       |       |   451 |   183 |       ||   634
       Long sword        |       |       |       |   327 |   165 ||   492
 Fire: Hand crossbow     |   105 |    78 |    33 |    40 |    63 ||   319
       Hunting sling     |       |       |       |    20 |    61 ||    81
 Cast: Frozen Ramparts   |       |       |       |     4 |    11 ||    15
       Summon Ice Beast  |       |       |       |     1 |    11 ||    12
Evoke: Wand              |       |       |       |     1 |       ||     1
  Use: Scroll            |     1 |       |     8 |    13 |     5 ||    27
       Potion            |       |       |       |     3 |     3 ||     6
 Stab: Petrified         |       |     3 |       |       |       ||     3
       Petrifying        |       |     1 |       |       |       ||     1
       Sleeping          |       |       |     8 |    14 |     4 ||    26
       Invisible         |       |       |     3 |       |     2 ||     5
       Confused          |       |       |       |     3 |       ||     3
       Distracted        |       |       |       |     3 |     2 ||     5
Armor: Chain mail        |    37 |    38 |       |       |       ||    75
       Robe              |     2 |       |       |       |       ||     2
       Ring mail         |       |     2 |    99 |   187 |    51 ||   339
Dodge: Dodged            |    28 |    58 |   254 |   618 |   196 ||  1154
Block: Buckler           |       |       |    96 |   266 |   120 ||   482
       Rpst.: Long sword |       |       |       |    85 |    35 ||   120
